 Dungeon Crawl Stone Soup version 0.29.1-1-gd02db6906a (webtiles) character file.

Game seed: 6398642103810216463

46 Hadkhar the Sneak (level 3, -3/34 HPs)
             Began as a Naga Monk on Oct 14, 2022.
             Slain by a hobgoblin (5 damage)
             ... led by Robin
             ... on level 2 of the Dungeon.
             The game lasted 00:08:35 (1294 turns).

Hadkhar the Sneak (Naga Monk)                       Turns: 1294, Time: 00:08:35

Health: -3/34      AC:  3    Str: 15    XL:     3   Next: 66%
Magic:  3/3        EV: 10    Int: 10    God:
Gold:   9          SH:  0    Dex: 13    Spells: 2/2 levels left

rFire   + . .      SeeInvis +   a - +0 hand axe
rCold   . . .      Faith    .   (no shield)
rNeg    . . .      Spirit   .   e - +0 leather armour
rPois   +          Reflect  .   (no helmet)
rElec   .          Harm     .   (no cloak)
rCorr   .          Rampage  .   h - +0 pair of gloves
Will    .....                   (no barding)
Stlth   ++........              (no amulet)
HPRegen 0.11/turn               b - ring of protection from fire
MPRegen 0.08/turn               (no ring)

@: very slow
A: AC +1, large, see invisible, deformed body, poison resistance, slowness 2,
spit poison 1, naga tail 1
a: Spit Poison


You were on level 2 of the Dungeon.
You visited 1 branch of the dungeon, and saw 2 of its levels.

You collected 9 gold pieces.

Inventory:

Hand Weapons
 a - a +0 hand axe (weapon)
 j - a +0 sling
Armour
 e - a +0 leather armour (worn)
 h - a +0 pair of gloves (worn)
 k - a +0 ring mail
Jewellery
 b - a ring of protection from fire (left hand)
Scrolls
 d - a scroll of torment {unknown}
 g - a scroll of summoning {unknown}
 l - a scroll of silence {unknown}
Potions
 c - a potion of ambrosia
 f - a potion of brilliance {unknown}
 i - 2 potions of heal wounds {unknown}
 m - 2 potions of flight {unknown}


   Skills:
 + Level 3.4 Fighting
 + Level 3.4 Axes
 + Level 1.1 Armour
 - Level 2.4 Dodging
 + Level 3.9 Stealth


You had 2 spell levels left.
You didn't know any spells.
Your spell library was empty.

Dungeon Overview and Level Annotations

Branches:
Dungeon (2/15)

Altars:


Innate Abilities, Weirdness & Mutations

Your serpentine skin is tough. (AC +1)
You have supernaturally acute eyesight. (SInv)
Armour fits poorly on your strangely shaped body.
Your system is resistant to poisons. (rPois)
You cover ground very slowly.
You can spit poison.
You have a snake-like lower body.


Message History

Here: Robin, wielding a +0 falchion, wearing a +0 animal skin and wearing a +0 helmet (moderately wounded)
Items here: )) รทรท.
The floor, spattered with blood.
You hit Robin.
Robin is heavily wounded.
You closely miss the goblin. Robin hits you with a +0 falchion.
The goblin barely misses you.
You hit Robin but do no damage.
Robin is heavily wounded.
You hit the goblin but do no damage. Robin hits you with a +0 falchion.
The goblin hits you with a +0 dagger.
You barely miss Robin.
Robin is heavily wounded.
You miss the goblin. Robin hits you with a +0 falchion.
A hobgoblin comes into view.
The goblin hits you with a +0 dagger.
You hit Robin.
Robin is severely wounded.
You completely miss the goblin. Robin barely misses you.
The goblin closely misses you.
You hit Robin.
Robin is severely wounded.
You hit the goblin.
You kill the goblin!
Robin hits you with a +0 falchion.
* * * LOW HITPOINT WARNING * * *
Robin points. "Kill!"
Robin hits you but does no damage.
You hit Robin but do no damage.
Robin is severely wounded.
Robin barely misses you.
You hit Robin.
You kill Robin!
You barely miss the hobgoblin. The hobgoblin closely misses you.
You closely miss the hobgoblin.
The hobgoblin no longer looks unusually strong.
The hobgoblin hits you.
* * * LOW HITPOINT WARNING * * *
The hobgoblin hits you.
You die... ####.##### #....gg@)# #.##.###)# .# .# .# .# .# .#

You could see 2 hobgoblins.

Vanquished Creatures
  Robin (D:2)
  A dart slug (D:1)
  2 ball pythons (D:1)
  2 endoplasms (D:1)
  A giant cockroach (D:1)
  9 goblins
  3 hobgoblins
  4 bats (D:1)
  2 frilled lizards (D:1)
  3 kobolds (D:1)
  3 rats (D:1)
31 creatures vanquished.

Notes
Turn   | Place    | Note
-------+----------+-------------------------------------------
     0 | D:1      | Hadkhar the Naga Monk began the quest for the Orb.
     0 | D:1      | Reached XP level 1. HP: 21/21 MP: 1/1
   368 | D:1      | Reached XP level 2. HP: 28/28 MP: 2/2
   417 | D:1      | Found a faded altar of an unknown god.
  1022 | D:2      | Noticed Robin
  1024 | D:2      | Reached XP level 3. HP: 31/34 MP: 3/3
  1036 | D:1      | Reached skill level 1 in Armour
  1291 | D:2      | Killed Robin
  1294 | D:2      | Slain by a hobgoblin

Illustrated notes

Levels and vault maps discovered:
D:1:      psy_arrival_fountain, layout_basic,
          chequers_ecumenical_altar_simple_redux, minmay_misc_feat_nine_boxes
D:2:      layout_loops_corners, uniq_robin

Skill      XL: |  1  2  3 |
---------------+----------+-----
Armour         | 1 |  1.1
Fighting       | |  3.4
Axes           | |  3.4
Dodging        | |  2.4
Stealth        | |  3.9

Action                   || total
-------------------------++-------
Melee: Hand axe          ||    65
 Abil: Spit Poison       ||     8
 Stab: Sleeping          ||     5
Armor: Leather armour    ||    24
Dodge: Dodged            ||    44
